 Dungeon Crawl Stone Soup version 0.22-a0-135-g6f012ad (webtiles) character file.

52 KristoblXynda the Caller (level 3, -4/26 HPs)
             Began as a Draconian Summoner on Jan 31, 2018.
             Shot with a stone by a goblin (5 damage)
             ... led by Robin
             ... on level 2 of the Dungeon.
             The game lasted 00:03:27 (2074 turns).

KristoblXynda the Caller (Draconian Summoner)       Turns: 2074, Time: 00:03:28

Health: -4/26      AC:  5    Str: 10    XL:     3   Next: 60%
Magic:  1/6        EV: 12    Int: 16    God:
Gold:   55         SH:  0    Dex: 11    Spells: 5/6 levels left

rFire    . . .     SeeInvis .   c - +0 dagger
rCold    . . .     Gourm    .   (no shield)
rNeg     . . .     Faith    .   (armour unavailable)
rPois    .         Spirit   .   (helmet restricted)
rElec    .         Reflect  .   (no cloak)
rCorr    .         Harm     .   (no gloves)
MR       .....                  (no boots)
Stlth    ++........             (no amulet)
HPRegen  0.08/turn              (no ring)
MPRegen  0.10/turn              (no ring)

@: no status effects
A: unfitting armour, cold-blooded, AC +5
a: no special abilities


You were on level 2 of the Dungeon.
You were not hungry.

You visited 1 branch of the dungeon, and saw 2 of its levels.

You collected 55 gold pieces.

Inventory:

Hand Weapons
 c - a +0 dagger (weapon)
Jewellery
 i - an uncursed amulet of the gourmand
 j - an uncursed ring of resist corrosion {unknown}
Books
 a - a book of Callings

   Spells                             Type                      Level
   a - Summon Small Mammal            Summoning                    1
   b - Call Imp                       Summoning                    2
   c - Call Canine Familiar           Summoning                    3
   d - Summon Guardian Golem          Hexes/Summoning              3
   e - Summon Lightning Spire         Summoning/Air                4
   f - Summon Ice Beast               Ice/Summoning                4
Comestibles
 b - 2 rations
 m - 2 chunks of flesh


   Skills:
 + Level 1.7 Short Blades
 + Level 2.5 Dodging
 - Level 1.7 Stealth
 - Level 2.0 Spellcasting
 + Level 4.4 Summonings


You had 5 spell levels left.
You knew the following spells:

 Your Spells              Type           Power        Failure   Level  Hunger
a - Summon Small Mammal   Summ           ###.         3%          1    #......


Dungeon Overview and Level Annotations

Branches:
Dungeon (2/15)

Altars:

Annotations:
D:2 Robin


Innate Abilities, Weirdness & Mutations

Your plain brown scales are hard. (AC +5)
You cannot fit into any form of body armour.
You are cold-blooded and may be slowed by cold attacks.


Message History

Your quokka closely misses Robin.
Robin hits you with a vampiric short sword.
* * * LOW HITPOINT WARNING * * *
Robin draws strength from your wounds!
The hobgoblin barely misses your quokka.
Your rat barely misses Robin.
Your bat hits Robin but does no damage.
Your quokka bites Robin but does no damage.
The goblin unwields an uncursed club.
The goblin wields an uncursed hunting sling.
The goblin shoots a stone.
The stone closely misses your bat. The stone barely misses you.
Robin closely misses your bat. The hobgoblin misses your quokka.
Your quokka bites Robin.
Your rat completely misses Robin.
Your bat hits Robin.
Robin hits your bat with a vampiric short sword.
Your bat dies!
Your bat's corpse disappears in a puff of smoke!
The goblin shoots a stone.
The stone hits you.
You die...

#..#.g...##.....'..'.##
#....gg..##.....#..#..#
#.#####.###.....#####.#
##.## #)# ##...##.###)#
####...####g#########..##)#
#...)..##rg†).# #.##.##.#
#.##...##gr...# #......(#
#.#######.§...# #####.####
#.# #.@...# #.......# #.#
#.(...# #.###.#.# #.#
####### #.##..#.# #.###
#.##.##.# ##..<############
#....>..# #....)..#.......#
####.####
#.##.##.#.......### #.#
#.##.##.#.........####.#
#.##......÷.....#......#


You could see Robin (unaware), a hobgoblin, a goblin, a friendly quokka and a
friendly rat.

Vanquished Creatures
  A dart slug (D:1)
  A leopard gecko (D:1)
  A giant cockroach (D:2)
  11 goblins
  3 hobgoblins (D:1)
  A quokka (D:2)
  5 bats (D:1)
  2 frilled lizards (D:1)
  11 kobolds
  6 rats
42 creatures vanquished.

Vanquished Creatures (collateral kills)
  3 goblins (D:2)
  A hobgoblin (D:2)
4 creatures vanquished.

Grand Total: 46 creatures vanquished

Notes
Turn   | Place    | Note
-------+----------+-------------------------------------------
     0 | D:1      | KristoblXynda the Draconian Summoner began the quest for the Orb.
     0 | D:1      | Reached XP level 1. HP: 14/14 MP: 3/3
   157 | D:1      | Reached XP level 2. HP: 8/20 MP: 5/5
   629 | D:1      | Reached skill level 1 in Short Blades
   631 | D:1      | HP: 1/20 [kobold (3)]
  1325 | D:1      | Reached XP level 3. HP: 19/26 MP: 6/6
  2019 | D:2      | Noticed Robin
  2072 | D:2      | HP: 1/26 [Robin/vampiric short sword (3)]
  2074 | D:2      | Shot with a stone by a goblin

Vault maps used:
D:1:      scummos_arrival_star, minmay_misc_feat_iff, st_stairs_10,
          minivault_19, minmay_misc_feat_square
D:2:      minmay_goblin_kobold_house, uniq_robin

Skill      XL: |  1  2 |
---------------+-------+-----
Dodging        | 2 |  2.5
Short Blades   | 1 |  1.7
Stealth        | |  1.7
Spellcasting   | |  2.0
Summonings     | |  4.4

Action                   || total
-------------------------++-------
Melee: Dagger            ||   220
       Tailslap          ||     9
 Cast: Summon Small Mamm ||     8
  Use: Scroll            ||     5
       Potion            ||     3
 Stab: Sleeping          ||     1
       Distracted        ||     1
  Eat: Chunk             ||     4
Armor: Skin              ||    64
Dodge: Dodged            ||   174

Table legend:
 A = Spawn XP
 B = Non-spawn XP
 C = Spawn XP percentage of total XP
 D = Spawn monster count
 E = Non-spawn monster count
 F = Spawn count percentage of total count
 G = Total turns spent on level
                    A         B        C        D         E        F      G
               +---------+---------+-------+---------+---------+-------+---------
         Total |       0 |      75 |   0.0 |       0 |      46 |   0.0 |  2074
               +---------+---------+-------+---------+---------+-------+---------
           D:1 |       0 |      48 |   0.0 |       0 |      29 |   0.0 |  1594
           D:2 |       0 |      27 |   0.0 |       0 |      17 |   0.0 |   480
               +---------+---------+-------+---------+---------+-------+---------
